 Dungeon Crawl Stone Soup version 0.31-a0-963-ga325b2283a (webtiles) character file.

Game seed: 1734043330075066183

158 LeprechaunX the Changeling (level 5, 0/34 HPs)
             Began as an Octopode Shapeshifter on Oct 26, 2023.
             Slain by a gnoll
             ... wielding a +0 flail
             ... led by a gnoll bouda
              (5 damage)
             ... on level 4 of the Dungeon.
             The game lasted 00:02:17 (2272 turns).

LeprechaunX the Changeling (Octopode Shapeshifter)  Turns: 2272, Time: 00:02:18

Health: 0/34       AC:  1    Str: 18    XL:     5   Next: 40%
Magic:  5/5        EV: 13    Int: 12    God:
Gold:   187        SH:  0    Dex: 13    Spells: 4/4 levels left

rFire   . . .        k - +10 mace of the Mouth {flame, rElec rPois Str+4}
rCold   . . .        (no shield)
rNeg    . . .        (helmet currently unavailable)
rPois   +            i - amulet of the acrobat
rElec   +            (no ring)
rCorr   .            (no ring)
SInv    .            (no ring)
Will    .....        (no ring)
Stlth   ++           (no ring)
HPRegen 0.25/turn    (no ring)
MPRegen 0.09/turn    (no ring)
                     (no ring)

%: acrobat
@: beast-form, weakened
A: beast (slay +2), almost no armour, amphibious, 8 rings, camouflage 1,
gelatinous body 1, (nimble swimmer 1), tentacles
a: Begin Untransformation


You were on level 4 of the Dungeon.
You were a hulking beast.
You visited 1 branch of the dungeon, and saw 4 of its levels.

You collected 187 gold pieces.

Inventory:

Hand Weapons
 a - a +0 sling
 k - the +10 mace of the Mouth (weapon) {flame, rElec rPois Str+4}
   (You found it on level 2 of the Dungeon)

   Str+4:     It affects your strength (+4).
   rElec:     It insulates you from electricity.
   rPois:     It protects you from poison
Jewellery
 i - an amulet of the acrobat (around mantle)
 v - a ring of ice
 w - a ring of positive energy
Talismans
 b - a beast talisman
 c - a flux talisman
 n - a blade talisman
Wands
 j - a wand of light (8)
Scrolls
 e - 2 scrolls of vulnerability {unknown}
 h - 3 scrolls of brand weapon {unknown}
 l - 3 scrolls of identify {unknown}
 p - a scroll of enchant armour {unknown}
 q - 2 scrolls of noise {unknown}
 r - a scroll of blinking {unknown}
 s - a scroll of revelation {unknown}
 t - a scroll of torment {unknown}
 y - a scroll of enchant weapon {unknown}
 z - a scroll of teleportation {unknown}
Potions
 d - 2 potions of lignification
 f - a potion of haste {unknown}
 g - a potion of resistance {unknown}
 m - a potion of attraction {unknown}
 o - a potion of brilliance {unknown}
 u - a potion of degeneration {unknown}
 x - a potion of might {unknown}


   Skills:
 + Level 2.2 Fighting
 + Level 1.4 Ranged Weapons
 - Level 2.0 Dodging
 + Level 3.7 Unarmed Combat
 + Level 1.3 Evocations
 * Level 4.1 Shapeshifting


You had 4 spell levels left.
You didn't know any spells.
Your spell library contained the following spells:

 Spells                   Type           Power      Damage    Failure   Level
 Apportation              Tloc           0%         N/A       32%         1
 Kiss of Death            Conj/Necr      0%         2d5       32%         1
 Jinxbite                 Hex            0%         N/A       45%         2
 Call Canine Familiar     Summ           0%         N/A       69%         3
 Confusing Touch          Hex            0%         N/A       69%         3
 Sigil of Binding         Hex            0%         N/A       69%         3
 Dimensional Bullseye     Hex/Tloc       0%         N/A       97%         4
 Dispel Undead            Necr           0%         3d6       97%         4
 Leda's Liquefaction      Hex/Erth       0%         N/A       97%         4
 Alistair's Intoxication  Tmut/Pois      0%         N/A       100%        5


Dungeon Overview and Level Annotations

Branches:
Dungeon (4/15)
 Temple: D:4-7

Altars:

Annotations:
D:4 2 transporters, Sanktem7's ghost, amateur MiFi


Innate Abilities, Weirdness & Mutations

You are a hulking beast.
Your limbs bulge with bestial killing power. (Slay +2)
You cannot wear most types of armour.
You are amphibious.
You can wear up to eight rings at the same time.
Your skin changes colour to match your surroundings (Stealth+).
Your rubbery body absorbs attacks. (AC +1, EV +1)
((You are camouflaged when in or above water. (Stealth+)))
You have tentacles for arms and can constrict up to eight enemies at once.


Message History

The gnoll shouts!
You sock the gnoll! You burn the gnoll.
You kill the gnoll!
You hear a shout!
Things that are here:
a +0 spear; a gnoll corpse You see here a +0 spear.
The gnoll bouda gazes fiercely through you!
You feel your attacks grow feeble.
The gnoll bouda barks out a call to the hunt!
The gnolls pick up the pace!
The gnoll bouda gazes fiercely through you!
You feel as though you will be weak longer.
You open the door.
The gnoll bouda gazes fiercely through you!
You feel as though you will be weak longer.
The gnoll hits you from afar with a +0 spear.
The gnoll attacks as it pursues you! The gnoll barely misses you.
There is an open door here.
The gnoll completely misses you.
You hit the gnoll. You burn the gnoll. Your grab misses the gnoll.
You squeeze the gnoll.
You kill the gnoll!
The gnoll completely misses you. The gnoll closely misses you.
The gnoll completely misses you.
There is an open door here.
You hit the gnoll bouda. You burn the gnoll bouda.
Your grab misses the gnoll bouda.
The gnoll bouda is moderately wounded.
The gnoll bouda hits you with a +0 club!
The gnoll hits you from afar with a +0 spear!
The gnoll hits you with a +0 flail!
* * * LOW HITPOINT WARNING * * *
The gnoll bouda barely misses you.
Unknown command.
You hit the gnoll. You burn the gnoll. You grab the gnoll.
You squeeze the gnoll.
The gnoll is moderately wounded.
You constrict the gnoll. The gnoll hits you with a +0 flail.
You die...

#....#.....g.......
#....#.............
#....######..##+###
#....#...##..##.##
#....'.............
#....#...).........
#....#...g.....©.©.
#....###g##########
#......h..#W....($.
#.........#..##...#
########.........#.#..#.#.
#....>...........#.#..#.#
#................# #.
#................#
#................#
###....<...........#
...................+


You could see 2 gnolls.

Vanquished Creatures
  An orc priest (D:3)
  Jessica (D:2)
  3 gnolls (D:4)
  2 adders (D:4)
  4 orcs
  A bat (D:1)
  9 endoplasms
  A giant cockroach (D:3)
  3 goblins
  9 hobgoblins
  2 jackals (D:1)
  4 kobolds
  A quokka (D:1)
  3 ball pythons
  5 frilled lizards (D:1)
  2 rats
51 creatures vanquished.

Notes
Turn   | Place    | Note
-------+----------+-------------------------------------------
     0 | D:1      | LeprechaunX the Octopode Shapeshifter began the quest for
                  | the Orb.
     0 | D:1      | Reached XP level 1. HP: 13/13 MP: 1/1
    56 | D:1      | Reached XP level 2. HP: 16/18 MP: 2/2
   623 | D:1      | Reached XP level 3. HP: 23/23 MP: 3/3
  1023 | D:2      | Identified the +10 mace of the Mouth {flame, rElec rPois
                  | Str+4}
  1328 | D:2      | Noticed Jessica
  1332 | D:2      | Killed Jessica
  1333 | D:2      | Reached XP level 4. HP: 29/29 MP: 4/4
  1834 | D:3      | Reached skill level 1 in Ranged Weapons
  1834 | D:3      | Reached skill level 1 in Evocations
  1836 | D:3      | Reached skill level 4 in Shapeshifting
  2155 | D:4      | Reached XP level 5. HP: 34/34 MP: 5/5
  2244 | D:4      | Found a transporter.
  2249 | D:4      | Noticed Sanktem7's ghost (amateur MiFi)
  2250 | D:4      | Found a transporter.
  2250 | D:4      | Noticed an ogre
  2272 | D:4      | Slain by a gnoll

Illustrated notes

Levels and vault maps discovered:
D:1:      ncdulo_watergridlock, layout_basic, hangedman_abyss_or_decor_stabs
D:2:      layout_loops_cross, serial_aquarium, aquarium_bridge_square
          [aquarium_subvault_wall, aquarium_subvault_balcony,
          aquarium_subvault_bridge, aquarium_subvault_bridge],
          aquarium_window_1, aquarium_window_corner, aquarium_view_2c,
          aquarium_balcony_5b, aquarium_pool_side,
          corexii_item_surrounded_by_moat, uniq_jessica
D:3:      layout_rooms, dk_noncrumbling_2, grunt_ministairs_1,
          hangedman_decor_clover_reticule, hangedman_decor_diamond_cutter
D:4:      layout_gridville, minmay_temple_entry_enclosed_plants,
          gammafunk_ghost_smash, nicolae_stop_n_shop_2

Skill      XL: |  1  2  3  4 |
---------------+-------------+-----
Fighting       | 2 |  2.2
Ranged Weapons | 1 |  1.4
Evocations     | 1 |  1.3
Shapeshifting  | 4 |  4.1
Dodging        | |  2.0
Unarmed Combat | |  3.7

Action                     |  1- 3 |  4- 6 || total
---------------------------+-------+-------++-------
  Melee: Unarmed           |    44 |       ||    44
         Constrict         |    12 |     7 ||    19
         Tentacles         |     9 |     7 ||    16
         Punch             |     2 |       ||     2
         Mace              |     6 |    35 ||    41
   Stab: Sleeping          |     6 |     3 ||     9
 Armour: Skin              |    14 |    13 ||    27
  Dodge: Dodged            |    30 |    20 ||    50

Table legend: (Time is in decaauts)
 A = Elapsed time spent in this place.
 B = Non-inter-level travel time spent in this place.
 C = Inter-level travel time spent in this place.
 D = Time resting spent in this place.
 E = Time spent auto-exploring this place.
 F = Levels seen in this place.
 G = Mean time per level.
                   A        B        C        D        E       F      G
               +--------+--------+--------+--------+--------+-----+--------+
         Total |   2284 |   2221 |     63 |      0 |   1899 |   4 |  571.0 |
       Dungeon |   2284 |   2221 |     63 |      0 |   1899 |   4 |  571.0 |
               +--------+--------+--------+--------+--------+-----+--------+

Top non-repeatable levels by time:
     D:1: 856 daAuts
     D:3: 671 daAuts
     D:2: 626 daAuts
     D:4: 129 daAuts
